 Dungeon Crawl Stone Soup version 0.31-a0-263-ge8cad7f256 (webtiles) character file.

Game seed: 55854131925577337

1628 Newt the Trooper (level 8, -1/70 HPs)
             Began as a Demonspawn Gladiator on July 13, 2023.
             Succumbed to a gnoll's poison
             ... on level 6 of the Dungeon.
             The game lasted 00:06:52 (5289 turns).

Newt the Trooper (Demonspawn Gladiator)             Turns: 5289, Time: 00:06:53

Health: -1/70      AC:  9    Str: 16    XL:     8   Next: 65%
Magic:  8/8        EV: 12    Int:  9    God:
Gold:   174        SH:  5    Dex: 16    Spells: 7/7 levels left

rFire   + . .        w - +3 hand axe
rCold   . . .        (no shield)
rNeg    . . .        m - +0 leather armour
rPois   .            c - +0 helmet
rElec   +            t - scarf {repulsion}
rCorr   .            h - +0 pair of gloves
SInv    .            k - +0 pair of boots
Will    +....        r - amulet of reflection
Stlth   ++           f - ring of willpower
HPRegen 0.31/turn    p - ring of protection from fire
MPRegen 0.22/turn

%: repel missiles, reflection
@: mighty, lethally poisoned (-1 -> -9)
A: icy blue scales 1, magic regeneration, demonic touch 2, robust 1, electricity
resistance
a: no special abilities


You were on level 6 of the Dungeon.
You visited 1 branch of the dungeon, and saw 6 of its levels.

You collected 207 gold pieces.
You spent 33 gold pieces at shops.

Inventory:

Hand Weapons
 a - a +0 rapier
 b - a +0 sling of freezing
 s - a +2 dagger of venom
 w - a +3 hand axe (weapon)
Missiles
 d - 3 throwing nets (quivered)
 e - a javelin
Armour
 c - a +0 helmet (worn)
 h - a +0 pair of gloves (worn)
 k - a +0 pair of boots (worn)
 m - a +0 leather armour (worn)
 t - a scarf of repulsion (worn)
Magical Staves
 v - the staff "Itepsovu" {rF+ Int-4 Dex+6 Fire}
   (You found it on level 3 of the Dungeon)

   [staff of fire]

   Base accuracy: +5 Base damage: 5 Base attack delay: 1.2 This weapon's minimum
   attack delay (0.6) is reached at skill level 12.
   Int:       It affects your intelligence (-4).
   Dex:       It affects your dexterity (+6).
   rF:        It protects you from fire.
   Fire:      It increases the power of your Fire spells.
   It falls into the 'Staves' category.
   It is a one-handed weapon.
Jewellery
 f - a ring of willpower (left hand)
 j - an amulet of the acrobat
 p - a ring of protection from fire (right hand)
 r - an amulet of reflection (around neck)
Wands
 o - a wand of roots (13)
 A - a wand of paralysis (18)
 C - a wand of light (10)
Scrolls
 q - a scroll of enchant armour
 x - a scroll of amnesia
 D - a scroll of teleportation
Potions
 g - a potion of invisibility
 i - a potion of ambrosia
 l - a potion of lignification {unknown}
 n - a potion of cancellation
 u - a potion of enlightenment {unknown}
 B - 2 potions of might


   Skills:
 - Level 6.0 Fighting
 - Level 2.6 Short Blades
 + Level 5.2 Axes
 - Level 4.0 Ranged Weapons
 - Level 1.7 Throwing
 - Level 4.0 Armour
 - Level 2.6 Dodging
 - Level 3.0 Stealth


You had 7 spell levels left.
You didn't know any spells.
Your spell library contained the following spells:

 Spells                   Type           Power      Damage    Failure   Level
 Ensorcelled Hibernation  Hex/Ice        0%         N/A       58%         2
 Anguish                  Hex/Necr       0%         N/A       99%         4


Dungeon Overview and Level Annotations

Branches:
Dungeon (6/15)
 Temple: D:4-7

Altars:
Okawaru
Yredelemnul

Shops:
D:2 !


Innate Abilities, Weirdness & Mutations

You are partially covered in icy blue scales. (AC +2)
You regenerate magic rapidly.
Your touch may inflict irresistible damage on your foes.
You are robust. (+10% HP)
You are resistant to electric shocks. (rElec)


Message History

You are more poisoned.
The gnoll attacks as you move away! The gnoll hits you with a +0 flail.
* * * LOW HITPOINT WARNING * * *
x2 You feel very sick.
Unknown command.
You feel better. The adder barely misses you. The gnoll closely misses you.
Throw: 4 throwing nets
Press: ? - help, Shift-Dir - straight line, f - adder
Aim: an adder (heavily wounded, 46% to hit)
You throw a throwing net.
The throwing net closely misses the adder.
The throwing net hits the gnoll.
The gnoll is caught in the net!
The gnoll is heavily wounded.
The adder bites you but does no damage. The adder attacks as you move away!
The adder bites you but does no damage.
The gnoll struggles against the net.
The adder bites you.
* * * LOW HITPOINT WARNING * * *
You are poisoned.
The adder poisons you!
Unknown command.
You slash the adder!
You kill the adder!
You feel sick.
The gnoll hits you from afar with a +2 spear of venom.
* * * LOW HITPOINT WARNING * * *
The gnoll struggles against the net.
Unknown command.
* * * LOW HITPOINT WARNING * * *
You feel sick.
The gnoll struggles against the net.
It was a potion of might.
You feel very mighty all of a sudden.
* * * LOW HITPOINT WARNING * * *
You feel sick.
The gnoll hits you from afar with a +2 spear of venom.
* * * LOW HITPOINT WARNING * * *
You are more poisoned.
The gnoll struggles against the net.
It was a potion of mutation.
You feel extremely strange.
You feel robust.
You feel insulated.
You die...

... ... ... ... #?# .. .
..## #.# .. .. ... . #.###.
..# #.######.... #.#.. ...#
.<......... #.#.#...<#
....####.#########.#...!...
....#.............†.g.....#
....#†##.##...).@.g#.#....#
.........#.....<)....# ..#
....#.####..†..####### #
...........).....#
.####$###...##...# .
.........##..... .
###.###.#.##...### ..#
#.#.##...# .## #.#.##...#


You could see 2 gnolls.

Vanquished Creatures
  3 water moccasins
  A sky beast (D:6)
  A black bear (D:4)
  An ogre (D:4)
  A phantom (D:5)
  2 bullfrogs
  A gnoll sergeant (D:6)
  A scorpion (D:5)
  2 howler monkeys (D:5)
  3 hounds
  2 jellies
  4 orc priests
  A sleepcap (D:6)
  2 iguanas
  An orc wizard (D:4)
  7 gnolls
  8 adders
  A shadow imp (D:6)
  2 worms
  4 dart slugs
  20 orcs
  6 ball pythons
  3 bats
  8 endoplasms
  2 giant cockroaches
  6 goblins
  5 hobgoblins
  10 jackals
  5 kobolds
  2 quokkas
  5 frilled lizards
  6 rats (D:2)
126 creatures vanquished.

Notes
Turn   | Place    | Note
-------+----------+-------------------------------------------
     0 | D:1      | Newt the Demonspawn Gladiator began the quest for the Orb.
     0 | D:1      | Reached XP level 1. HP: 16/16 MP: 1/1
   271 | D:1      | Gained mutation: Your touch may inflict minor irresistible
                  | damage on your foes. [demonic ancestry]
   271 | D:1      | Reached XP level 2. HP: 21/23 MP: 2/2
   376 | D:1      | Found a faded altar of an unknown god.
   376 | D:1      | Noticed a soul eater
   661 | D:1      | Reached skill level 3 in Fighting
  1004 | D:2      | Reached XP level 3. HP: 29/29 MP: 3/3
  1165 | D:2      | Found Rawk's Distillery.
  1174 | D:2      | Bought a potion of curing for 33 gold pieces
  1347 | D:3      | Reached skill level 4 in Fighting
  1358 | D:3      | Reached skill level 1 in Stealth
  1358 | D:3      | Reached XP level 4. HP: 21/37 MP: 4/4
  1705 | D:3      | Identified the staff "Itepsovu" {rF+ Int-4 Dex+6 Fire}
  2162 | D:4      | Found an iron altar of Okawaru.
  2171 | D:4      | Noticed a bullfrog
  2190 | D:4      | Killed a bullfrog
  2191 | D:4      | Gained mutation: Your touch may inflict irresistible damage
                  | on your foes. [demonic ancestry]
  2191 | D:4      | Reached XP level 5. HP: 30/42 MP: 5/5
  2263 | D:4      | Noticed a black bear
  2279 | D:4      | Killed a black bear
  2280 | D:4      | Reached XP level 6. HP: 28/48 MP: 6/6
  3313 | D:4      | Reached skill level 5 in Fighting
  3330 | D:4      | Gained mutation: You are partially covered in icy blue
                  | scales. (AC +2) [demonic ancestry]
  3330 | D:4      | Reached XP level 7. HP: 41/56 MP: 7/7
  3664 | D:5      | Entered Level 5 of the Dungeon
  3738 | D:5      | Reached skill level 6 in Fighting
  3798 | D:5      | Reached skill level 1 in Axes
  4013 | D:5      | Gained mutation: You regenerate magic rapidly. [demonic
                  | ancestry]
  4013 | D:5      | Reached XP level 8. HP: 42/64 MP: 8/8
  4733 | D:5      | Reached skill level 5 in Axes
  4739 | D:5      | Found a basalt altar of Yredelemnul.
  4880 | D:5      | Reached skill level 1 in Armour
  5286 | D:6      | HP: 3/64 [gnoll/+2 spear of venom[a gnoll sergeant] (6)]
  5288 | D:6      | HP: 1/64 [gnoll/+2 spear of venom[a gnoll sergeant] (1)]
  5289 | D:6      | Gained mutation: You are robust. (+10% HP) [potion of
                  | mutation]
  5289 | D:6      | Gained mutation: You are resistant to electric shocks.
                  | (rElec) [potion of mutation]
  5289 | D:6      | Succumbed to a gnoll's poison

Illustrated notes

Levels and vault maps discovered:
D:1:      dpeg_arrival_round_b, layout_loops_cross,
          dreamdust_ecumenical_altar_sealed_demon
D:2:      layout_rooms, serial_shops, shop, small_statue_intersection,
          guppyfry_early_lair_pool
D:3:      layout_basic
D:4:      layout_loops_ring, okawaru_metal_pillars_1_2
D:5:      layout_basic, kennysheep_little_box
D:6:      wander_river, layout_basic, lemuel_doored_altar,
          minmay_temple_entry_fiery, lightli_sewer_entry_pipes, uniq_duvessa

Skill      XL: |  1  2  3  4  5  6  7  8 |
---------------+-------------------------+-----
Fighting       | 3 4 5 6 |  6.0
Stealth        | 1 3 |  3.0
Ranged Weapons | 2 3 4 |  4.0
Axes           | 3 5 |  5.2
Armour         | 4 |  4.0
Short Blades   | |  2.6
Throwing       | |  1.7
Dodging        | |  2.6

Action                     |  1- 3 |  4- 6 |  7- 9 || total
---------------------------+-------+-------+-------++-------
  Melee: Rapier            |   106 |    13 |       ||   119
         Touch             |    19 |     9 |    28 ||    56
         Dagger            |       |    15 |    88 ||   103
         Punch             |       |       |     2 ||     2
         Hand axe          |       |       |    36 ||    36
   Fire: Sling             |       |   189 |       ||   189
  Throw: Throwing net      |       |     1 |     1 ||     2
         Javelin           |       |     1 |       ||     1
    Use: Scroll            |     7 |     4 |     1 ||    12
         Potion            |       |     1 |     3 ||     4
   Stab: Sleeping          |       |     2 |     2 ||     4
 Armour: Leather armour    |    44 |    54 |    37 ||   135
  Dodge: Dodged            |    80 |    97 |    57 ||   234
         Repelled          |       |     1 |       ||     1
  Block: Other             |     1 |    31 |    24 ||    56
         Reflection        |       |     1 |     1 ||     2

Table legend: (Time is in decaauts)
 A = Elapsed time spent in this place.
 B = Non-inter-level travel time spent in this place.
 C = Inter-level travel time spent in this place.
 D = Time resting spent in this place.
 E = Time spent auto-exploring this place.
 F = Levels seen in this place.
 G = Mean time per level.
                   A        B        C        D        E       F      G
               +--------+--------+--------+--------+--------+-----+--------+
         Total |   5338 |   5123 |    215 |   1141 |   3015 |   6 |  889.7 |
       Dungeon |   5338 |   5123 |    215 |   1141 |   3015 |   6 |  889.7 |
               +--------+--------+--------+--------+--------+-----+--------+

Top non-repeatable levels by time:
     D:4: 1548 daAuts
     D:5: 1495 daAuts
     D:3: 853 daAuts
     D:1: 806 daAuts
     D:2: 516 daAuts
     D:6: 118 daAuts
